 Dungeon Crawl Stone Soup version 0.31-a0-728-g01b46875f1 (webtiles) character file.

Game seed: 12073485709437324993

668 javelincjr the Caller (level 7, -5/51 HPs)
             Began as a Gnoll Summoner on Sept 11, 2023.
             Slain by a gnoll
             ... wielding a +2 spear of venom
              (7 damage)
             ... on level 4 of the Dungeon.
             The game lasted 00:13:15 (4363 turns).

javelincjr the Caller (Gnoll Summoner)              Turns: 4363, Time: 00:13:15

Health: -5/51      AC:  3    Str:  7    XL:     7   Next: 58%
Magic:  9/15       EV: 13    Int: 17    God:
Gold:   172        SH:  0    Dex: 12    Spells: 11/17 levels left

rFire   . . .        b - +1 dagger (venom)
rCold   . . .        (no shield)
rNeg    . . .        f - +0 leather armour
rPois   .            (no helmet)
rElec   .            o - scarf {repulsion}
rCorr   .            (no gloves)
SInv    .            (no boots)
Will    .....        (no amulet)
Stlth   +++          (no ring)
HPRegen 0.28/turn    (no ring)
MPRegen 0.14/turn

%: repel missiles
@: lethally poisoned (-5 -> -34)
A: fangs 1, strong nose, distributed training
a: no special abilities


You were on level 4 of the Dungeon.
You visited 1 branch of the dungeon, and saw 4 of its levels.

You collected 172 gold pieces.

Inventory:

Hand Weapons
 a - a +0 arbalest
 b - a +1 dagger of venom (weapon)
 r - a +1 flail of holy wrath
Missiles
 k - 2 throwing nets
Armour
 f - a +0 leather armour (worn)
 o - a scarf of repulsion (worn)
 w - a +0 robe
Wands
 s - a wand of iceblast (9)
Scrolls
 d - a scroll of enchant armour {unknown}
 e - a scroll of torment
 g - 3 scrolls of brand weapon {unknown}
 i - a scroll of fear {unknown}
 j - a scroll of enchant weapon {unknown}
 n - a scroll of noise {unknown}
 p - a scroll of amnesia {unknown}
 u - a scroll of immolation {unknown}
Potions
 c - 2 potions of heal wounds {unknown}
 h - a potion of magic
 l - a potion of ambrosia {unknown}
 m - a potion of curing {unknown}
 q - a potion of berserk rage {unknown}
 t - a potion of lignification {unknown}
 v - a potion of mutation {unknown}


   Skills:
 + Level 2.6 Fighting
 + Level 2.6 Short Blades
 + Level 2.6 Long Blades
 + Level 2.6 Axes
 + Level 2.6 Maces & Flails
 + Level 2.6 Polearms
 + Level 2.6 Staves
 + Level 2.6 Ranged Weapons
 + Level 2.6 Throwing
 + Level 2.6 Armour
 + Level 5.3 Dodging
 + Level 5.0 Stealth
 + Level 2.6 Shields
 + Level 2.6 Unarmed Combat
 + Level 5.7 Spellcasting
 + Level 2.1 Conjurations
 + Level 2.1 Hexes
 + Level 7.4 Summonings
 + Level 2.1 Necromancy
 + Level 2.1 Translocations
 + Level 2.1 Transmutations
 + Level 2.1 Fire Magic
 + Level 2.1 Ice Magic
 + Level 2.1 Air Magic
 + Level 2.1 Earth Magic
 + Level 2.1 Poison Magic
 + Level 2.9 Invocations
 + Level 2.6 Evocations
 + Level 2.4 Shapeshifting


You had 11 spell levels left.
You knew the following spells:

 Your Spells              Type           Power      Damage    Failure   Level
a - Summon Small Mammal   Summ           100%       N/A       1%          1
b - Call Imp              Summ           60%        N/A       1%          2
c - Call Canine Familiar  Summ           30%        N/A       2%          3

Your spell library contained the following spells:

 Spells                   Type           Power      Damage    Failure   Level
 Freeze                   Ice            48%        1d6       8%          1
 Summon Guardian Golem    Hex/Summ       21%        N/A       8%          3
 Poisonous Vapours        Pois/Air       24%        N/A       12%         2
 Frozen Ramparts          Ice            24%        1d4       24%         3
 Hailstorm                Conj/Ice       12%        3d5       24%         3
 Mephitic Cloud           Conj/Pois/Air  12%        N/A       24%         3
 Summon Lightning Spire   Summ/Air       21%        N/A       26%         4
 Freezing Cloud           Conj/Ice/Air   6%         6-21      91%         5


Dungeon Overview and Level Annotations

Branches:
Dungeon (4/15)
 Temple: D:4-7

Altars:
Qazlal
Trog

Annotations:
D:4 1 transporter


Innate Abilities, Weirdness & Mutations

You have very sharp teeth.
Your uncanny sense of smell can sniff out nearby items.
Your experience applies equally to all skills.


Message History

Your quokka dies!
Your quokka's corpse disappears in a puff of smoke!
The gnoll hits you with a +2 flail of protection.
Your hound bites the gnoll.
You hear a shout!
You swap places.
Your quokka bites the gnoll.
Your hound closely misses the gnoll.
Your cerulean imp hits the gnoll but does no damage.
The gnoll misses your quokka. The gnoll misses your cerulean imp.
The gnoll bouda barks out a call to the hunt!
The gnolls pick up the pace!
The gnoll attacks as it pursues you!
The gnoll hits you from afar with a +2 spear of venom.
You are poisoned.
You hit the gnoll bouda but do no damage.
You feel very sick.
Your quokka bites the gnoll but does no damage.
Your hound barely misses the gnoll.
Your cerulean imp hits the gnoll but does no damage.
The gnoll hits you from afar with a +2 spear of venom!
You are lethally poisoned!
The gnoll hits your cerulean imp with a +0 whip!
The gnoll hits your quokka with a +2 flail of protection!
Your quokka dies!
Your quokka's corpse disappears in a puff of smoke!
The gnoll bouda misses you.
The gnoll shouts!
As you read the scroll labelled LECISSE GEMUYC, it crumbles to dust.
Your body is wracked with pain!
* * * LOW HITPOINT WARNING * * *
The gnoll bouda convulses!
Your hound convulses!
The gnoll convulses! x6; It was a scroll of torment.
* * * LOW HITPOINT WARNING * * *
You feel extremely sick.
Your hound bites the gnoll.
The gnoll hits you from afar with a +0 spear.
* * * LOW HITPOINT WARNING * * *
The gnoll hits you from afar with a +2 spear of venom!
You die...

#............................##
#.≈≈≈≈≈≈≈≈≈≈≈≈~≈≈≈≈≈≈≈≈≈≈≈≈....
#.≈≈≈≈≈≈≈≈≈≈≈≈~≈≈≈≈≈≈≈≈≈≈≈≈..#.
#.≈≈#####...........#####≈≈.##.
#.≈≈#.#.#.###.©.###.#.#.#≈≈.##.
#.≈≈#...###?#####.###...#≈≈.##<
#.≈≈###........g......###≈≈..†.
#[≈≈.8#.######g######.#8.≈≈.##.
#.≈≈.##.#.⌠.#5@8# #.##.≈≈....
#.~~.#..'..!gh§⌠#∆ .'..#.~~.##.
#.≈≈.##.#.⌠.#gg8# ..#.##.≈≈....
#[≈≈.8#.######g######.#8.≈≈..##
#
#.≈≈###.......g.......###≈≈..#
#
#.≈≈#...###.#####g###...#≈≈.##
# #.≈≈#.#.#.###.©.###.#.#.#≈≈.#
# #
#.≈≈#####...........#####≈≈.###
#
#.≈≈≈≈≈≈≈≈≈≈≈...≈≈≈≈≈≈≈≈≈≈≈.§.#


You could see a gnoll bouda, 6 gnolls, a friendly hound (summoned) and a
friendly cerulean imp (summoned).

Vanquished Creatures
  Menkaure (D:4)
  A sky beast (D:4)
  An orc priest (D:2)
  A sleepcap (D:3)
  Jessica (D:3)
  Natasha (thrice) (D:3)
  3 adders
  A worm (D:2)
  A dart slug (D:4)
  3 orcs (D:3)
  A bat (D:2)
  5 endoplasms
  3 goblins
  A hobgoblin (D:2)
  4 jackals (D:1)
  3 kobolds
  2 quokkas (D:3)
  3 ball pythons
  A frilled lizard (D:1)
  2 rats
41 creatures vanquished.

Vanquished Creatures (collateral kills)
  An ogre (D:4)
  A jelly (D:3)
  An orc priest (D:2)
  A gnoll (D:1)
  2 adders
  2 worms
  2 dart slugs
  11 orcs
  5 ball pythons
  2 bats
  3 endoplasms
  2 giant cockroaches (D:1)
  2 goblins
  A hobgoblin (D:1)
  3 kobolds (D:1)
  A quokka (D:4)
  A frilled lizard (D:1)
  2 rats (D:1)
43 creatures vanquished.

Grand Total: 84 creatures vanquished

Notes
Turn   | Place    | Note
-------+----------+-------------------------------------------
     0 | D:1      | javelincjr the Gnoll Summoner began the quest for the Orb.
     0 | D:1      | Reached XP level 1. HP: 13/13 MP: 6/6
   304 | D:1      | Reached XP level 2. HP: 19/19 MP: 4/7
   348 | D:1      | Learned a level 2 spell: Call Imp
   492 | D:1      | Reached skill level 5 in Spellcasting
   492 | D:1      | Reached XP level 3. HP: 19/25 MP: 4/9
   758 | D:1      | Reached skill level 1 in Invocations
  1253 | D:2      | Reached skill level 1 in Fighting
  1253 | D:2      | Reached skill level 1 in Short Blades
  1253 | D:2      | Reached skill level 1 in Long Blades
  1253 | D:2      | Reached skill level 1 in Axes
  1253 | D:2      | Reached skill level 1 in Maces & Flails
  1253 | D:2      | Reached skill level 1 in Polearms
  1253 | D:2      | Reached skill level 1 in Staves
  1253 | D:2      | Reached skill level 1 in Ranged Weapons
  1253 | D:2      | Reached skill level 1 in Throwing
  1253 | D:2      | Reached skill level 1 in Armour
  1253 | D:2      | Reached skill level 1 in Shields
  1253 | D:2      | Reached skill level 1 in Unarmed Combat
  1253 | D:2      | Reached skill level 1 in Evocations
  1353 | D:2      | Reached skill level 1 in Shapeshifting
  1353 | D:2      | Reached XP level 4. HP: 32/32 MP: 8/11
  1357 | D:2      | Learned a level 3 spell: Call Canine Familiar
  1550 | D:2      | Reached skill level 1 in Conjurations
  1550 | D:2      | Reached skill level 1 in Hexes
  1550 | D:2      | Reached skill level 1 in Necromancy
  1550 | D:2      | Reached skill level 1 in Translocations
  1550 | D:2      | Reached skill level 1 in Transmutations
  1550 | D:2      | Reached skill level 1 in Fire Magic
  1550 | D:2      | Reached skill level 1 in Ice Magic
  1550 | D:2      | Reached skill level 1 in Air Magic
  1550 | D:2      | Reached skill level 1 in Earth Magic
  1550 | D:2      | Reached skill level 1 in Poison Magic
  1556 | D:2      | Reached XP level 5. HP: 17/37 MP: 12/12
  2745 | D:3      | Found a bloodstained altar of Trog.
  2828 | D:3      | Reached XP level 6. HP: 44/44 MP: 7/13
  2915 | D:3      | Noticed Jessica
  2918 | D:3      | Killed Jessica
  2937 | D:3      | Noticed Natasha
  2951 | D:3      | Killed Natasha
  2952 | D:3      | Reached skill level 5 in Dodging
  2961 | D:3      | Found a faded altar of an unknown god.
  3036 | D:3      | Noticed Natasha
  3043 | D:3      | Killed Natasha
  3201 | D:3      | Noticed Natasha
  3217 | D:3      | Killed Natasha
  3343 | D:4      | Found a transporter.
  3344 | D:4      | Found a transporter.
  3502 | D:4      | Found a stormy altar of Qazlal.
  3502 | D:4      | Noticed a sky beast
  3524 | D:4      | Killed a sky beast
  3525 | D:4      | Reached XP level 7. HP: 22/50 MP: 6/15
  3759 | D:4      | Identified the +7 spear "Seyqont" {venom, Str+4}
  3759 | D:4      | Identified the +5 ring mail of Xiphacim {Str+3 Int+6
                  | Stlth-}
  3949 | D:4      | Noticed Menkaure
  3963 | D:4      | Killed Menkaure
  4182 | D:4      | Reached skill level 5 in Stealth
  4363 | D:4      | HP: 2/51 [gnoll/+0 spear (4)]
  4363 | D:4      | Slain by a gnoll

Illustrated notes

Levels and vault maps discovered:
D:1:      dpeg_arrival_three_same_balls, layout_basic
D:2:      layout_loops_ring
D:3:      layout_loops_ring, mainiacjoe_overflow_tiny_flanked,
          dreamdust_ecumenical_altar_angels_and_demons, uniq_jessica,
          uniq_natasha
D:4:      layout_loops_ring, nicolae_qazlal_beasts_of_the_sky,
          gammafunk_ghost_gnarly_gnolls, uniq_menkaure

Skill      XL: |  1  2  3  4  5  6  7 |
---------------+----------------------+-----
Spellcasting   | 5 |  5.7
Invocations    | 1 2 |  2.9
Fighting       | 1 2 |  2.6
Short Blades   | 1 2 |  2.6
Long Blades    | 1 2 |  2.6
Axes           | 1 2 |  2.6
Maces & Flails | 1 2 |  2.6
Polearms       | 1 2 |  2.6
Staves         | 1 2 |  2.6
Ranged Weapons | 1 2 |  2.6
Throwing       | 1 2 |  2.6
Armour         | 1 2 |  2.6
Shields        | 1 2 |  2.6
Unarmed Combat | 1 2 |  2.6
Evocations     | 1 2 |  2.6
Shapeshifting  | 1 2 |  2.4
Conjurations   | 1 2 |  2.1
Hexes          | 1 2 |  2.1
Necromancy     | 1 2 |  2.1
Translocations | 1 2 |  2.1
Transmutations | 1 2 |  2.1
Fire Magic     | 1 2 |  2.1
Ice Magic      | 1 2 |  2.1
Air Magic      | 1 2 |  2.1
Earth Magic    | 1 2 |  2.1
Poison Magic   | 1 2 |  2.1
Dodging        | 5 |  5.3
Stealth        | 5 |  5.0
Summonings     | |  7.4

Action                     |  1- 3 |  4- 6 |  7- 9 || total
---------------------------+-------+-------+-------++-------
  Melee: Unarmed           |    63 |       |       ||    63
         Bite              |     3 |    15 |     1 ||    19
         Dagger            |     9 |    84 |    20 ||   113
         Punch             |       |     3 |       ||     3
   Cast: Summon Small Mamm |    21 |     1 |     2 ||    24
         Call Imp          |    14 |    21 |     6 ||    41
         Call Canine Famil |       |    18 |     5 ||    23
    Use: Scroll            |       |       |     1 ||     1
   Stab: Sleeping          |     2 |     6 |     2 ||    10
         Distracted        |       |     1 |       ||     1
 Armour: Robe              |    37 |       |       ||    37
         Leather armour    |     5 |    46 |     8 ||    59
  Dodge: Dodged            |    55 |    35 |    11 ||   101

Table legend: (Time is in decaauts)
 A = Elapsed time spent in this place.
 B = Non-inter-level travel time spent in this place.
 C = Inter-level travel time spent in this place.
 D = Time resting spent in this place.
 E = Time spent auto-exploring this place.
 F = Levels seen in this place.
 G = Mean time per level.
                   A        B        C        D        E       F      G
               +--------+--------+--------+--------+--------+-----+--------+
         Total |   4351 |   4238 |    113 |    128 |   3309 |   4 | 1087.8 |
       Dungeon |   4351 |   4238 |    113 |    128 |   3309 |   4 | 1087.8 |
               +--------+--------+--------+--------+--------+-----+--------+

Top non-repeatable levels by time:
     D:3: 1302 daAuts
     D:1: 1126 daAuts
     D:4: 1090 daAuts
     D:2: 832 daAuts
